 Dungeon Crawl Stone Soup version 0.31-a0-1576-ga3383bade6 (webtiles) character file.

Game seed: 16449723579726042833

648 zenocrate the Sneak (level 7, 0/48 HPs)
             Began as a Vine Stalker Enchanter on Jan 4, 2024.
             Killed by divine providence
             ... invoked by an orc priest
              (5 damage)
             ... on level 5 of the Dungeon.
             The game lasted 00:05:10 (3262 turns).

zenocrate the Sneak (Vine Stalker Enchanter)        Turns: 3262, Time: 00:05:10

Health: 0/48       AC:  5    Str: 11    XL:     7   Next: 53%
Magic:  0/11       EV: 13    Int: 15    God:
Gold:   215        SH:  0    Dex: 16    Spells: 2/10 levels left

rFire   . . .        a - +1 dagger
rCold   . . .        (no shield)
rNeg    . . .        b - +0 robe
rPois   .            v - +1 helmet
rElec   .            d - +0 cloak
rCorr   .            (no gloves)
SInv    .            (no boots)
Will    .....        r - amulet of magic regeneration Stlth
                     (no ring)
HPRegen 1.08/turn    (no ring)
MPRegen 0.52/turn

%: guardian spirit
@: berserking, very quick
A: fangs 2, regeneration 1, magic shield, antimagic bite, no potion heal 2
a: no special abilities


You were on level 5 of the Dungeon.
You visited 1 branch of the dungeon, and saw 5 of its levels.

You collected 215 gold pieces.

Inventory:

Hand Weapons
 a - a +1 dagger (weapon)
 w - a +0 antimagic rapier
Missiles
 s - a boomerang
Armour
 b - a +0 robe (worn)
 d - a +0 cloak (worn)
 v - a +1 helmet (worn)
Jewellery
 r - an amulet of magic regeneration (around neck)
Wands
 u - a wand of quicksilver (10)
Scrolls
 f - 3 scrolls of enchant armour
 g - 2 scrolls of enchant weapon
 h - a scroll of amnesia {unknown}
 i - 2 scrolls of fear {unknown}
 j - 2 scrolls of identify
 m - a scroll of teleportation
 q - a scroll of torment {unknown}
 t - 3 scrolls of vulnerability
 x - a scroll of brand weapon {unknown}
Potions
 c - 2 potions of invisibility
 k - a potion of resistance
 l - a potion of mutation
 o - 3 potions of curing
 p - a potion of cancellation


   Skills:
 - Level 0.4 Fighting
 + Level 3.2 Short Blades
 + Level 2.8 Dodging
 + Level 5.8 Stealth
 - Level 2.1 Spellcasting
 + Level 4.4 Hexes
 + Level 3.2 Ice Magic
 + Level 1.6 Evocations


You had 2 spell levels left.
You knew the following spells:

 Your Spells              Type           Power      Damage    Failure   Level
a - Ensorcelled Hibernat  Hex/Ice        26%        N/A       7%          2
b - Confusing Touch       Hex            15%        N/A       11%         3
c - Tukima's Dance        Hex            15%        N/A       11%         3

Your spell library contained the following spells:

 Spells                   Type           Power      Damage    Failure   Level
 Dazzling Flash           Conj/Hex       16%        N/A       26%         3
 Vhi's Electric Charge    Tloc/Air       2%         N/A       91%         4
 Arcjolt                  Conj/Air       0%         1d10      99%         5
 Plasma Beam              Fire/Air       0%         2x1d10    100%        6


Dungeon Overview and Level Annotations

Branches:
Dungeon (5/15)             Temple (0/1) D:5

Altars:
Dithmenos
Nemelex Xobeh
Okawaru
Sif Muna

Portals:
Sewer: D:5

Annotations:
D:1 2 transporters


Innate Abilities, Weirdness & Mutations

You have extremely sharp teeth.
Your natural rate of healing is unusually fast.
When hurt, damage is shared between your health and your magic reserves.
Your bite disrupts and absorbs the magic of your enemies.
Potions cannot restore your health.


Message History

The centaur barely misses you.
The centaur kicks you but does no damage.
Unknown command.
You hit the centaur but do no damage. You bite the centaur.
You drain its power.
You feel invigorated.
The centaur is moderately wounded.
The centaur hits you. The centaur closely misses you.
Unknown command.
A red film seems to cover your vision as you go berserk!
You feel yourself moving faster!
You feel mighty!
You hear the slow rusting of a drain very nearby.
The centaur barely misses you. The centaur closely misses you.
The orc priest misses you.
The orc priest invokes the aid of Beogh against you.
Beogh smites you!
* * * LOW HITPOINT WARNING * * *
The centaur closely misses you. The centaur kicks you.
* * * LOW HITPOINT WARNING * * *
You puncture the centaur! You bite the centaur.
You kill the centaur!
The orc barely misses you.
The orc priest invokes the aid of Beogh against you.
Beogh smites you!
* * * LOW HITPOINT WARNING * * *
The orc priest misses you.
You see here a centaur corpse.
Unknown command.
You puncture the orc priest!
The orc priest is almost dead.
The orc misses you. The orc priest closely misses you.
The orc priest barely misses you.
Unknown command.
You closely miss the orc priest. Your punch misses the orc priest.
The orc priest is almost dead.
Unknown command.
You barely miss the orc priest. Your bite misses the orc priest.
The orc priest is almost dead.
The orc priest calls down the wrath of Beogh upon you.
Beogh smites you!
You die...

*,,,,,,,,,,* **,,,,*,*,,,,,
*,,........# *,,,,,,,,,**,
*,,........# *,,,,,*,****,
****,,....)...#***,***,,,* *,
**,,,,,........+,,,,**********,
*,,**,.........#**,,,,,,,,,,**,
*,,,,,..~.....o# ***,******,*,,
*,,**~~.~~*#)oo# *,,* *,,,,
*,,**~~.~~##oo@##****,** *,,*,
*,,~~,....≈≈....##.....****,**,
*,,~~,....~~....##.....,,,*,**+
*,,~~,.∩..~~†...++.....,,,+,,,,
**,~~,.~..~~~...##.r...,,,*,,,,
*,~~,....~~.##.##.O...>,,+,,,,
*~**~~~~~##.##)######.,,,**,,,
*,**~~~~≈##.##.######.,,,**,,,
*,,,,.......##<######.,,,**,,,


You could see 2 orc priests and 3 orcs.

Vanquished Creatures
  Eustachio (D:4)
  An ogre (D:5)
  A centaur (D:5)
  2 scorpions
  A bombardier beetle (D:4)
  An iguana (D:4)
  10 adders
  3 dart slugs
  A ribbon worm (D:3)
  9 orcs
  5 bats
  2 endoplasms
  4 giant cockroaches
  8 goblins
  5 hobgoblins
  2 jackals (D:3)
  6 kobolds
  4 quokkas
  8 ball pythons
  4 frilled lizards
  6 rats
84 creatures vanquished.

Vanquished Creatures (others)
  A dancing weapon (D:5)
1 creature vanquished.

Grand Total: 85 creatures vanquished

Notes
Turn   | Place    | Note
-------+----------+-------------------------------------------
     0 | D:1      | zenocrate the Vine Stalker Enchanter began the quest for
                  | the Orb.
     0 | D:1      | Reached XP level 1. HP: 9/9 MP: 4/4
    53 | D:1      | Reached skill level 1 in Short Blades
   102 | D:1      | Reached XP level 2. HP: 13/13 MP: 6/6
   105 | D:1      | Learned a level 2 spell: Ensorcelled Hibernation
   193 | D:1      | Reached skill level 4 in Stealth
   293 | D:1      | Reached XP level 3. HP: 16/16 MP: 7/7
   297 | D:1      | Learned a level 3 spell: Confusing Touch
   816 | D:2      | Reached skill level 1 in Ice Magic
   823 | D:2      | Noticed a great orb of eyes
   826 | D:2      | Found a faded altar of an unknown god.
   829 | D:2      | Noticed a great orb of eyes
   829 | D:2      | Noticed a golden eye
   829 | D:2      | Noticed a glass eye
  1114 | D:2      | Reached XP level 4. HP: 21/21 MP: 4/8
  2049 | D:3      | Reached XP level 5. HP: 25/25 MP: 7/9
  2061 | D:3      | Found a sparkling altar of Nemelex Xobeh.
  2061 | D:3      | Found a shimmering blue altar of Sif Muna.
  2641 | D:4      | Found an iron altar of Okawaru.
  2645 | D:4      | Reached skill level 5 in Stealth
  2691 | D:4      | Found a shadowy altar of Dithmenos.
  2716 | D:4      | Reached XP level 6. HP: 29/29 MP: 10/10
  3003 | D:4      | Noticed Eustachio
  3033 | D:4      | Killed Eustachio
  3034 | D:4      | Reached skill level 1 in Evocations
  3034 | D:4      | Reached XP level 7. HP: 18/32 MP: 6/11
  3172 | D:4      | Learned a level 3 spell: Tukima's Dance
  3203 | D:5      | Entered Level 5 of the Dungeon
  3209 | D:5      | Found a glowing drain.
  3262 | D:5      | Killed from afar by an orc priest

Illustrated notes

Levels and vault maps discovered:
D:1:      spicycebolla_arrival_transporter_tutorial, layout_loops_ring,
          kennysheep_boxes
D:2:      minmay_chambers_of_ones, layout_basic,
          hellmonk_ecumenical_altar_watching_god
D:3:      layout_basic, jmf_multi_god_temple, minmay_distorted
D:4:      layout_loops_ring, mainiacjoe_overflow_two_lobes, uniq_eustachio
D:5:      layout_basic, minmay_temple_entry_slanted,
          cheibrodos_sewer_entry_sluice

Skill      XL: |  1  2  3  4  5  6  7 |
---------------+----------------------+-----
Short Blades   | 1 2 3 |  3.2
Stealth        | 4 5 |  5.8
Ice Magic      | 1 2 3 |  3.2
Dodging        | 2 |  2.8
Hexes          | 4 |  4.4
Evocations     | 1 |  1.6
Fighting       | |  0.4
Spellcasting   | |  2.1

Action                     |  1- 3 |  4- 6 |  7- 9 || total
---------------------------+-------+-------+-------++-------
  Melee: Dagger            |    77 |   156 |    32 ||   265
         Bite              |    14 |    25 |     9 ||    48
         Punch             |       |     1 |       ||     1
   Cast: Ensorcelled Hiber |     4 |    42 |     5 ||    51
         Tukima's Dance    |       |       |     2 ||     2
         Confusing Touch   |       |       |     1 ||     1
    Use: Scroll            |     4 |     7 |     2 ||    13
         Potion            |       |     1 |     1 ||     2
   Stab: Sleeping          |    14 |    24 |     4 ||    42
         Confused          |       |       |     1 ||     1
 Armour: Robe              |    30 |    80 |    25 ||   135
         Skin              |       |    20 |       ||    20
  Dodge: Dodged            |    42 |    92 |    37 ||   171

Table legend: (Time is in decaauts)
 A = Elapsed time spent in this place.
 B = Non-inter-level travel time spent in this place.
 C = Inter-level travel time spent in this place.
 D = Time resting spent in this place.
 E = Time spent auto-exploring this place.
 F = Levels seen in this place.
 G = Mean time per level.
                   A        B        C        D        E       F      G
               +--------+--------+--------+--------+--------+-----+--------+
         Total |   3233 |   3120 |    113 |      0 |   2376 |   5 |  646.6 |
       Dungeon |   3233 |   3120 |    113 |      0 |   2376 |   5 |  646.6 |
               +--------+--------+--------+--------+--------+-----+--------+

Top non-repeatable levels by time:
     D:2: 1035 daAuts
     D:4: 867 daAuts
     D:1: 672 daAuts
     D:3: 604 daAuts
     D:5: 53 daAuts
